[Event "Titled Tuesday Blitz April 25 Early 2023"]
[White "Shomoev, Anton"]
[Black "Skliarov, Viktor"]
[WhiteFideId "4135148"]
[BlackFideId "14106736"]
[WhiteElo "2451"]
[BlackElo "2317"]
[Result "1-0"]
[Round "05"]
[TimeControl "180+2"]
[Date "2023.04.25"]
[WhiteClock "0:00:17"]
[BlackClock "0:00:01"]

1. d4 Nf6 2. c4 e6 3. Nc3 Bb4 4. e3 b6 5. Ne2 Ne4 6. Bd2 Nxd2 7. Qxd2 Bb7 8. a3 Bxc3 9. Nxc3 O-O 10. Be2 d6 11. O-O Nd7 12. d5 e5 13. b4 a5 14. Rfb1 f5 15. Bd1 Qh4 16. g3 Qh3 17. f4 exf4 18. exf4 Rfe8 19. Bf3 Ba6 20. Qd3 Re7 21. Re1 Rae8 22. Rxe7 Rxe7 23. Ne2 g6 24. Nd4 Nf8 25. bxa5 bxa5 26. Rb1 Bc8 27. Qf1 Qh6 28. Rb8 Bd7 29. Ne6 Bxe6 30. dxe6 Qg7 31. Qd3 h5 32. Kg2 Qf6 33. Bd5 Kg7 34. c5 dxc5 35. Rb5 c6 36. Bxc6 Nxe6 37. Bf3 Nd4 38. Rxc5 Nxf3 39. Kxf3 Re4 40. Rc7+ Kh6 41. Qd7 h4 42. Qh7# 1-0


[Site "https://www.chess.com"]

[Event "Titled Tuesday Blitz April 25 Early 2023"]
[White "Odegov, Artem"]
[Black "Kushko, Dmitriy"]
[WhiteFideId "34183644"]
[BlackFideId "14162261"]
[WhiteElo "2300"]
[BlackElo "2230"]
[Result "0-1"]
[Round "05"]
[TimeControl "180+2"]
[Date "2023.04.25"]
[WhiteClock "0:00:05"]
[BlackClock "0:00:08"]

1. d4 g6 2. c4 Bg7 3. Nc3 d6 4. e4 e5 5. Nf3 Bg4 6. d5 a5 7. Be2 Na6 8. Ng1 Bd7 9. Be3 f5 10. exf5 gxf5 11. Bh5+ Kf8 12. Nge2 Nf6 13. Nc1 f4 14. Bd2 Nc5 15. O-O Nxh5 16. Qxh5 Qe8 17. Qxe8+ Kxe8 18. Nb3 b6 19. Nxc5 bxc5 20. a4 Kd8 21. Rfe1 Kc8 22. Ne4 Kb7 23. Bc3 Ka6 24. f3 h5 25. Kf2 Rhg8 26. b3 Bh8 27. Rab1 Rg6 28. Bd2 h4 29. h3 Rag8 30. Rg1 Bf5 31. Rbe1 Rb8 32. Rgf1 Bg7 33. Rb1 Bxe4 34. fxe4 Rg3 35. Ke2 Rbxb3 36. Rxb3 Rxb3 37. Rc1 Rg3 38. Kf2 Ra3 39. Rb1 Rxa4 40. Rb5 Ra2 41. Ke1 Ra1+ 42. Ke2 Bf6 43. Kd3 Ra3+ 44. Bc3 Bg5 45. Rb8 Ra2 46. Bb2 a4 47. Bc3 Rxg2 48. Ra8+ Kb7 49. Rxa4 f3 50. Ra1 f2 51. Rf1 Bf4 52. Ke2 Bg3 53. Bd2 Rh2 54. Be3 Rxh3 55. Rb1+ Kc8 56. Rf1 Rh2 57. Rd1 Kd7 58. Rf1 c6 59. Kf3 cxd5 60. exd5 Ke7 61. Kg4 Kf6 62. Bg5+ Kg6 63. Be3 e4 64. Bg5 Rg2 65. Kh3 Rg1 66. Kg4 Rxf1 0-1


[Site "https://www.chess.com"]

[Event "Titled Tuesday Blitz April 25 Early 2023"]
[White "Arias, Juan Cruz"]
[Black "Harshavardhan G B"]
[WhiteFideId "118540"]
[BlackFideId "25059009"]
[WhiteElo "2243"]
[BlackElo "2323"]
[Result "0-1"]
[Round "05"]
[TimeControl "180+2"]
[Date "2023.04.25"]
[WhiteClock "0:01:03"]
[BlackClock "0:00:47"]

1. d4 Nf6 2. Nf3 e6 3. e3 c5 4. Bd3 b6 5. O-O Bb7 6. c4 Be7 7. Nc3 cxd4 8. exd4 O-O 9. d5 exd5 10. cxd5 d6 11. Nd4 g6 12. Qf3 Nbd7 13. Bh6 Re8 14. Nf5 Ne5 15. Qg3 Nh5 16. Nxe7+ Qxe7 17. Qe3 Nf6 18. Bg5 h6 19. Bh4 Nxd5 20. Qd4 Qe6 21. Bb5 Nxc3 22. bxc3 Bc6 23. a4 Rac8 24. Rfd1 Bxb5 25. axb5 Rc4 0-1


[Site "https://www.chess.com"]

[Event "Titled Tuesday Blitz April 25 Early 2023"]
[White "Bryakin, Mikhail"]
[Black "Ferenc83"]
[WhiteFideId "4165314"]
[WhiteElo "2447"]
[BlackElo "2584"]
[Result "1/2-1/2"]
[Round "05"]
[TimeControl "180+2"]
[Date "2023.04.25"]
[WhiteClock "0:02:07"]
[BlackClock "0:02:48"]

1. Nf3 Nf6 2. g3 g6 3. Bg2 Bg7 4. O-O O-O 5. d3 d6 6. e4 e5 7. Nbd2 Nc6 8. Re1 Re8 9. b3 b6 10. Bb2 Bb7 11. h3 h6 12. a4 Nh7 13. Nc4 1/2-1/2


[Site "https://www.chess.com"]

[Event "Titled Tuesday Blitz April 25 Early 2023"]
[White "Lund, Gunnar"]
[Black "Gunina, Valentina"]
[WhiteFideId "1520814"]
[BlackFideId "4167570"]
[WhiteElo "2233"]
[BlackElo "2352"]
[Result "1/2-1/2"]
[Round "05"]
[TimeControl "180+2"]
[Date "2023.04.25"]
[WhiteClock "0:00:12"]
[BlackClock "0:00:21"]

1. d4 d5 2. Bf4 c5 3. e3 Nc6 4. c3 Bf5 5. Qb3 Qd7 6. Nd2 e6 7. Ngf3 h6 8. Bb5 Bd6 9. Ne5 Qc7 10. Qa4 Ne7 11. Nxc6 bxc6 12. Bxd6 Qxd6 13. Be2 cxd4 14. cxd4 O-O 15. O-O Rfb8 16. b3 c5 17. Qa3 Rb4 18. dxc5 Qxc5 19. Rac1 Qd6 20. Nf3 a5 21. Nd4 Bg6 22. Nc2 Bxc2 23. Rxc2 a4 24. bxa4 Raxa4 25. Qc3 g6 26. Rfc1 d4 27. exd4 Rxd4 28. g3 h5 29. Qc7 Qxc7 30. Rxc7 Nd5 31. R7c2 Nb4 32. Rc4 Nxa2 33. Rxa4 Rxa4 34. Ra1 Nc3 35. Rxa4 Nxa4 36. Kg2 Nc5 37. Bd1 Kg7 38. Bc2 Kf6 39. Kf3 Ke5 40. Ke3 Nd7 41. f4+ Kd6 42. Kd4 Nf6 43. Bd1 Nd5 44. Bf3 Ne7 45. g4 hxg4 46. Bxg4 Nf5+ 47. Ke4 Ke7 48. Bd1 Nd6+ 49. Kf3 Kf6 50. Bc2 Nf5 51. Bd3 Kg7 52. Kg4 Kh6 53. Be4 Ne3+ 54. Kf3 Nd5 55. Bd3 Kh5 56. Kg3 g5 57. Be2+ Kh6 58. fxg5+ Kxg5 59. h4+ Kh6 60. Bd1 Ne7 61. Be2 Nf5+ 62. Kg4 Kg6 63. Bd3 Kf6 64. Bxf5 exf5+ 65. Kf4 Kg6 66. h5+ Kf6 67. h6 Kg6 68. h7 Kxh7 69. Kxf5 Kg8 70. Kf6 Kf8 71. Kf5 Ke8 72. Kf6 Kf8 73. Kf5 Ke7 74. Ke5 Ke8 75. Kf6 Kf8 1/2-1/2


[Site "https://www.chess.com"]

[Event "Titled Tuesday Blitz April 25 Early 2023"]
[White "Weetik, Vjacheslav"]
[Black "Safin, Robert"]
[WhiteFideId "4153472"]
[BlackFideId "34189120"]
[WhiteElo "2469"]
[BlackElo "2245"]
[Result "1-0"]
[Round "05"]
[TimeControl "180+2"]
[Date "2023.04.25"]
[WhiteClock "0:00:28"]
[BlackClock "0:00:08"]

1. d4 Nf6 2. c4 e6 3. g3 d5 4. Nf3 Be7 5. Bg2 O-O 6. O-O dxc4 7. Qc2 a6 8. a4 Bd7 9. Qxc4 Bc6 10. Bf4 a5 11. Nc3 Na6 12. Rad1 Nb4 13. Ne5 Bxg2 14. Kxg2 c6 15. e4 Qb6 16. h3 Rfd8 17. Be3 Nc2 18. Qe2 Qxb2 19. Rd2 Nxe3+ 20. Qxe3 Qb6 21. Rb1 Bb4 22. Rdd1 Qa6 23. Ne2 b5 24. Rbc1 Rac8 25. g4 bxa4 26. Qf3 Bd6 27. Nc4 Bb8 28. g5 Ne8 29. Qa3 Nd6 30. Qxa4 Nxe4 31. Qxa5 Qxa5 32. Nxa5 c5 33. h4 cxd4 34. Nc6 1-0


[Site "https://www.chess.com"]

[Event "Titled Tuesday Blitz April 25 Early 2023"]
[White "Toropov, Pavel"]
[Black "Starozhilov, Leonid"]
[WhiteFideId "24129178"]
[BlackFideId "14106752"]
[WhiteElo "2182"]
[BlackElo "2352"]
[Result "1-0"]
[Round "05"]
[TimeControl "180+2"]
[Date "2023.04.25"]
[WhiteClock "0:00:24"]
[BlackClock "0:00:03"]

1. e4 Nc6 2. Nc3 d6 3. d4 Nf6 4. h3 e5 5. Nge2 exd4 6. Nxd4 g6 7. g4 Bg7 8. Bg2 O-O 9. Nde2 Rb8 10. O-O b5 11. Ng3 b4 12. Nce2 Ba6 13. Re1 Re8 14. Nf4 Ne5 15. a3 Qc8 16. g5 Nfd7 17. axb4 Rxb4 18. Nd5 Rc4 19. b3 Rc5 20. Be3 Nc6 21. Rxa6 Qxa6 22. Nxc7 Qc8 23. Nxe8 Qxe8 24. Bxc5 dxc5 25. e5 Nd4 26. f4 Nb6 27. c3 Ne6 28. Qd2 Qb5 29. Ne4 Qxb3 30. Nf6+ Kh8 31. Rd1 Qc4 32. Qd8+ Nf8 33. Qe7 Nc8 34. Qe8 Qxf4 35. Qxc8 Qxg5 36. Qe8 Qe3+ 37. Kh1 Qxc3 38. Qxf7 Bxf6 1-0


[Site "https://www.chess.com"]

[Event "Titled Tuesday Blitz April 25 Early 2023"]
[White "Halkias, Stelios"]
[Black "Vovk, Orest"]
[WhiteFideId "4201809"]
[BlackFideId "14113490"]
[WhiteElo "2451"]
[BlackElo "2215"]
[Result "1-0"]
[Round "05"]
[TimeControl "180+2"]
[Date "2023.04.25"]
[WhiteClock "0:00:07"]
[BlackClock "0:00:02"]

1. c4 g5 2. Nc3 Bg7 3. d4 c5 4. d5 Bxc3+ 5. bxc3 h6 6. e4 d6 7. f4 Qa5 8. Nf3 g4 9. Nd2 Qxc3 10. Rb1 Qe3+ 11. Be2 g3 12. hxg3 Qxg3+ 13. Kf1 Qxf4+ 14. Nf3 Qxe4 15. Bd3 Qg4 16. Bb2 Nf6 17. Qe2 Kd8 18. Re1 Qd7 19. Ng5 Rf8 20. Rxh6 Ng4 21. Rh7 Ne5 22. Bxe5 dxe5 23. Nxf7+ Kc7 24. Kg1 Kb6 25. Rb1+ Ka6 26. Nxe5 Qd6 27. Qe3 b6 28. Rh6 Rf6 29. Rh5 Nd7 30. Nc6 Bb7 31. Nb4+ cxb4 32. c5+ b5 33. cxd6 exd6 34. Rxb4 Nc5 35. Rxb5 Nxd3 36. Qxd3 1-0


[Site "https://www.chess.com"]

[Event "Titled Tuesday Blitz April 25 Early 2023"]
[White "Lehtosaari, Mauri"]
[Black "Liyanage, Ranindu Dilshan"]
[WhiteFideId "501999"]
[BlackFideId "9915834"]
[WhiteElo "2537"]
[BlackElo "2199"]
[Result "0-1"]
[Round "05"]
[TimeControl "180+2"]
[Date "2023.04.25"]
[WhiteClock "0:00:01"]
[BlackClock "0:00:32"]

1. d4 d5 2. Nf3 e6 3. Bg5 f6 4. Bh4 g5 5. Bg3 h5 6. h3 c5 7. c3 Nc6 8. e3 Nh6 9. Bd3 Kf7 10. Qc2 Nf5 11. Bxf5 exf5 12. dxc5 Bxc5 13. Nbd2 Kg7 14. Nb3 Bb6 15. O-O-O Be6 16. Nbd4 Qc8 17. Nxe6+ Qxe6 18. Kb1 Rhd8 19. h4 g4 20. Nd4 Bxd4 21. exd4 Re8 22. f3 Rac8 23. Rhe1 Qd7 24. Qd3 Na5 25. fxg4 fxg4 26. Bf4 Nc4 27. Qc2 Qb5 28. Ka1 Rxe1 29. Rxe1 Re8 30. Rxe8 Qxe8 31. Qf2 Qe4 32. Bc1 Kf7 33. a3 Qd3 34. Qf4 Qc2 35. Qc7+ Kg6 36. Qf4 Na5 37. Qh6+ Kf7 38. Qxh5+ Ke7 39. Bf4 Nc4 40. Bd6+ Kxd6 0-1


[Site "https://www.chess.com"]

[Event "Titled Tuesday Blitz April 25 Early 2023"]
[White "Averjanov, Alexey"]
[Black "MaryanKyrychenko"]
[WhiteFideId "14109867"]
[WhiteElo "2701"]
[BlackElo "2534"]
[Result "0-1"]
[Round "05"]
[TimeControl "180+2"]
[Date "2023.04.25"]
[WhiteClock "0:01:54"]
[BlackClock "0:01:03"]

1. d4 Nf6 2. c4 e6 3. Nf3 Bb4+ 4. Nbd2 O-O 5. g3 c5 6. dxc5 Na6 7. a3 Bxd2+ 8. Bxd2 Nxc5 9. Bg2 d5 10. cxd5 exd5 11. O-O Re8 12. Bc3 Nce4 13. Rc1 Nxc3 14. Rxc3 Bf5 15. Nd4 Bg6 16. e3 Qb6 17. Qe2 Qxd4 18. Rd1 Qe5 19. Qb5 Ne4 20. Rcc1 Nxf2 21. Kxf2 Qxe3+ 22. Kf1 Re6 23. Bxd5 Rf6+ 24. Kg2 Rf2+ 25. Kh3 Bf5+ 26. Kh4 Rxh2# 0-1


[Site "https://www.chess.com"]

[Event "Titled Tuesday Blitz April 25 Early 2023"]
[White "Herman, Daniel"]
[Black "Rendle, Thomas E"]
[WhiteFideId "30935008"]
[BlackFideId "408760"]
[WhiteElo "1897"]
[BlackElo "2428"]
[Result "1-0"]
[Round "05"]
[TimeControl "180+2"]
[Date "2023.04.25"]
[WhiteClock "0:00:11"]
[BlackClock "0:00:03"]

1. e4 e6 2. d4 d5 3. Nc3 Be7 4. e5 c5 5. dxc5 Nd7 6. Be3 Nxc5 7. Qg4 g6 8. O-O-O Qa5 9. Nf3 Bd7 10. h4 h5 11. Qf4 Rc8 12. Ng5 Nh6 13. Kb1 Nf5 14. Bd2 Qc7 15. Rc1 a6 16. f3 Qd8 17. g4 hxg4 18. fxg4 Bxg5 19. Qxg5 Qxg5 20. Bxg5 Ng3 21. Rh3 Nce4 22. Nxe4 Nxe4 23. Be3 Bb5 24. Bd3 Ke7 25. Bxe4 dxe4 26. Bg5+ Kd7 27. Bf6 Rh7 28. h5 gxh5 29. gxh5 Kc6 30. Rg1 e3 31. Rxe3 Kb6 32. Rh3 Be2 33. h6 Rc4 34. b3 Rg4 35. Rxg4 Bxg4 36. Rh4 Bf5 37. Kc1 Kc5 38. c3 b5 39. Kd2 Kd5 40. Bg7 Kc5 41. Rd4 a5 42. Rd7 Bg6 43. Ke3 Kc6 44. Rd6+ Kc5 45. Ra6 a4 46. bxa4 bxa4 47. Rxa4 Kb5 48. Ra7 Kb6 49. Re7 Kc5 50. Kf4 Kd5 51. Kg5 Kc4 52. Kf6 Kxc3 53. Rxf7 Bf5 54. Re7 Kb2 55. a4 Kb3 56. a5 Kb4 57. a6 Be4 58. a7 Kb5 59. Rxe6 Bd5 60. Re8 Bf3 61. a8=Q Bxa8 62. Rxa8 1-0


[Site "https://www.chess.com"]

[Event "Titled Tuesday Blitz April 25 Early 2023"]
[White "Aaditya Dhingra"]
[Black "Kleiman, Jake"]
[WhiteFideId "25678191"]
[BlackFideId "2020041"]
[WhiteElo "2083"]
[BlackElo "2520"]
[Result "0-1"]
[Round "05"]
[TimeControl "180+2"]
[Date "2023.04.25"]
[WhiteClock "0:01:34"]
[BlackClock "0:02:31"]

1. e4 e5 2. Nf3 Nc6 3. Bc4 Bc5 4. c3 Nf6 5. d3 O-O 6. O-O d5 7. exd5 Nxd5 8. Re1 Bg4 9. h3 Bh5 10. Nbd2 Nb6 11. Bb5 Bd6 12. Ne4 f5 13. Ng3 Bxf3 14. Qxf3 Qd7 15. Bd2 e4 16. dxe4 fxe4 17. Qxe4 Bxg3 18. fxg3 Qxd2 19. Re2 Qd6 20. Rae1 Qc5+ 0-1


[Site "https://www.chess.com"]

[Event "Titled Tuesday Blitz April 25 Early 2023"]
[White "Antal, Gergely"]
[Black "Akylbek2021"]
[WhiteFideId "717312"]
[WhiteElo "2471"]
[BlackElo "2471"]
[Result "0-1"]
[Round "05"]
[TimeControl "180+2"]
[Date "2023.04.25"]
[WhiteClock "0:00:14"]
[BlackClock "0:00:05"]

1. g3 c5 2. Bg2 Nc6 3. c4 g6 4. Nc3 Bg7 5. d3 e5 6. h4 h5 7. Bg5 Nge7 8. Nd5 O-O 9. Qd2 f6 10. Bh6 d6 11. a3 Nd4 12. Bxg7 Kxg7 13. Qc3 Nxd5 14. Bxd5 Be6 15. e3 Bxd5 16. cxd5 Nb5 17. Qc2 f5 18. Nf3 Qa5+ 19. Kf1 Nc7 20. Ng5 f4 21. gxf4 exf4 22. e4 Rae8 23. Rg1 f3 24. Rg3 Nb5 25. Nxf3 Rxf3 26. Rxf3 Nd4 27. Qd1 Nxf3 28. Qxf3 Qd2 29. Qe2 Qf4 30. Kg2 Qxh4 31. Rg1 Rf8 32. Kf1 Qf4 33. b4 Qc1+ 34. Kg2 Qg5+ 35. Kf1 Qc1+ 36. Kg2 Qf4 37. bxc5 dxc5 38. Rb1 Qg5+ 39. Kf1 b6 40. a4 h4 41. a5 h3 42. Qb2+ Kh7 43. Ke2 Qg2 44. Rf1 h2 45. Qc1 Qf3+ 46. Kd2 Kg7 47. Qe1 Rh8 48. Rh1 c4 49. dxc4 bxa5 50. Qd1 Qxe4 51. Kc3 Rf8 52. Qd4+ Qxd4+ 53. Kxd4 Rxf2 54. d6 Kf6 55. c5 Ke6 56. Re1+ Kd7 57. Re7+ Kc6 58. Rh7 Rd2+ 59. Kc3 Rd5 60. Rxh2 Rxc5+ 61. Kd4 Rd5+ 62. Ke4 Rxd6 63. Rc2+ Kb6 64. Ke5 Rc6 65. Ra2 Kb5 66. Kd4 a4 67. Rb2+ Ka5 68. Rb7 a6 69. Kd5 Rb6 70. Rg7 a3 71. Rh7 a2 72. Rh1 Rb1 0-1


[Site "https://www.chess.com"]

[Event "Titled Tuesday Blitz April 25 Early 2023"]
[White "Hua, Lefong"]
[Black "Santos Flores, Alberto"]
[WhiteFideId "2602253"]
[BlackFideId "3601234"]
[WhiteElo "2650"]
[BlackElo "2235"]
[Result "1/2-1/2"]
[Round "05"]
[TimeControl "180+2"]
[Date "2023.04.25"]
[WhiteClock "0:00:22"]
[BlackClock "0:00:12"]

1. d4 d5 2. c4 c6 3. Nf3 Nf6 4. Nc3 dxc4 5. a4 Bf5 6. Ne5 e6 7. f3 Bb4 8. e4 Bxe4 9. fxe4 Nxe4 10. Bd2 Qxd4 11. Nxe4 Qxe4+ 12. Qe2 Bxd2+ 13. Kxd2 Qd5+ 14. Kc2 Na6 15. Rd1 Nb4+ 16. Kb1 Qa5 17. Nxc4 Qxa4 18. Na3 O-O 19. Qd2 b5 20. Be2 Qb3 21. Qc3 Qa2+ 22. Kc1 Nd5 23. Qd4 Rfd8 24. Nc2 c5 25. Qe5 c4 26. Bf3 c3 27. bxc3 Rac8 28. Bxd5 exd5 29. Rhe1 h6 30. Qd4 Rc4 31. Qe5 b4 32. Rxd5 Rdc8 33. Ra5 Qb3 34. Re3 bxc3 35. Qb5 Qxb5 36. Rxb5 Rg4 37. g3 g6 38. Rb3 h5 39. Rbxc3 Rxc3 40. Rxc3 h4 41. Ne1 hxg3 42. hxg3 g5 43. Ra3 f5 44. Kc2 a5 45. Kd2 a4 46. Ke2 f4 47. gxf4 Rxf4 48. Nd3 Rc4 49. Ke3 Kg7 50. Nb2 Rb4 51. Nxa4 Kg6 52. Nc5 Rh4 53. Kf2 Rc4 54. Nd3 Rd4 55. Ne1 Rf4+ 56. Kg3 Rb4 57. Nf3 Rb5 58. Ra6+ Kh5 59. Ra3 Rc5 60. Rd3 Rb5 61. Nh2 Ra5 62. Nf1 Rb5 63. Ne3 Ra5 64. Ng4 Rb5 65. Nf6+ Kg6 66. Ne4 Ra5 67. Rd6+ Kh5 68. Nf2 Ra3+ 69. Kg2 Ra2 70. Rd4 Kg6 71. Re4 Kh5 72. Rb4 Kg6 73. Rb8 Kh5 74. Rh8+ Kg6 75. Rg8+ Kh5 76. Kf3 Ra3+ 77. Ke2 Ra2+ 78. Kf1 Ra3 79. Kg2 Ra2 80. Rg7 Kh6 81. Rd7 Kh5 82. Rd3 Rb2 83. Kf3 Ra2 84. Ne4 Rb2 85. Rd5 Rb3+ 86. Kg2 Rb2+ 87. Kg1 Rb1+ 88. Kf2 Rb2+ 89. Kf1 Rb1+ 90. Kf2 Rb2+ 91. Kf3 Rb3+ 92. Ke2 Rb2+ 93. Ke3 Rb3+ 94. Kd2 Rb2+ 95. Kc3 Rg2 96. Kd3 Kh4 97. Ke3 Rg1 98. Rd8 Kh5 99. Kf2 Ra1 100. Rh8+ Kg6 101. Rg8+ 1/2-1/2


[Site "https://www.chess.com"]

[Event "Titled Tuesday Blitz April 25 Early 2023"]
[White "Borgaonkar Akshay"]
[Black "Gurevich, Dmitry"]
[WhiteFideId "25639110"]
[BlackFideId "2000407"]
[WhiteElo "2063"]
[BlackElo "2506"]
[Result "1-0"]
[Round "05"]
[TimeControl "180+2"]
[Date "2023.04.25"]
[WhiteClock "0:00:34"]
[BlackClock "0:00:09"]

1. d4 Nf6 2. Nc3 d5 3. Bf4 a6 4. e3 e6 5. Nf3 c5 6. Ne5 Nc6 7. Be2 Be7 8. h4 cxd4 9. exd4 Qb6 10. Nxc6 bxc6 11. Na4 Qa5+ 12. c3 Nd7 13. b4 Qd8 14. Nc5 Nxc5 15. bxc5 Bxh4 16. Rb1 Bg5 17. Bg3 O-O 18. Rb6 f5 19. Bd6 Be7 20. Rxc6 Bxd6 21. Rxd6 Qa5 22. Qd2 Rb8 23. O-O Qa3 24. Rb6 Rxb6 25. cxb6 Qd6 26. Rb1 Bb7 27. Qc2 Rc8 28. Qa4 Qc6 29. Qxc6 Rxc6 30. Rb3 Kf8 31. a4 Ke7 32. a5 Kd6 33. f4 h6 34. Kf2 g5 35. g3 gxf4 36. gxf4 Rc8 37. Ke3 Rg8 38. Rb1 Rg3+ 39. Bf3 Kc6 40. c4 Kd6 41. c5+ Kd7 42. Kf2 Rg8 43. Bd1 Bc6 44. Be2 Bb7 45. Rh1 Rg6 46. Bh5 Rg7 47. Rh3 Ke7 48. Be2 Rg6 49. Rc3 1-0


[Site "https://www.chess.com"]

[Event "Titled Tuesday Blitz April 25 Early 2023"]
[White "Souleidis, Georgios"]
[Black "KorolDimitriy75"]
[WhiteFideId "4206827"]
[WhiteElo "2401"]
[BlackElo "2435"]
[Result "1-0"]
[Round "05"]
[TimeControl "180+2"]
[Date "2023.04.25"]
[WhiteClock "0:00:32"]
[BlackClock "0:00:03"]

1. e4 c5 2. Be2 g6 3. d3 Bg7 4. f4 Nc6 5. Nf3 d6 6. O-O e5 7. c3 Nge7 8. fxe5 dxe5 9. Qe1 O-O 10. Qh4 f6 11. Be3 b6 12. Nbd2 Be6 13. a3 a5 14. a4 Qc7 15. Nc4 Rad8 16. Na3 Qd7 17. Nb5 Kh8 18. d4 cxd4 19. cxd4 exd4 20. Nfxd4 Nxd4 21. Bxd4 g5 22. Qf2 Nc8 23. Bc3 h6 24. Rad1 Qe7 25. Qe3 Bb3 26. Rxd8 Rxd8 27. Ra1 Bg8 28. h4 Qe6 29. Nd4 Qd7 30. Nf5 Bh7 31. Nxg7 Kxg7 32. hxg5 hxg5 33. Qxg5+ Bg6 34. Qxf6+ Kh7 35. Qh4+ Kg8 36. Qh8+ Kf7 37. Qg7+ 1-0


[Site "https://www.chess.com"]

[Event "Titled Tuesday Blitz April 25 Early 2023"]
[White "Goldin, Roman"]
[Black "Mamedov, Edgar"]
[WhiteFideId "2803860"]
[BlackFideId "13739980"]
[WhiteElo "2312"]
[BlackElo "2330"]
[Result "1-0"]
[Round "05"]
[TimeControl "180+2"]
[Date "2023.04.25"]
[WhiteClock "0:00:11"]
[BlackClock "0:01:08"]

1. e4 c5 2. Nf3 e6 3. c3 Nf6 4. e5 Nd5 5. g3 Nc6 6. Bg2 d6 7. exd6 Bxd6 8. O-O O-O 9. Re1 e5 10. Na3 Bg4 11. h3 Bh5 12. Nc4 f5 13. Qb3 e4 14. Ng5 Bf7 15. Nxf7 Rxf7 16. Nxd6 Qxd6 17. d3 Ne5 18. dxe4 fxe4 19. Bxe4 Nf3+ 20. Bxf3 Rxf3 21. Bf4 Qc6 22. Qc4 Kh8 23. Be5 Raf8 24. Qg4 Qh6 25. Rad1 Ne3 26. Qxf3 1-0


[Site "https://www.chess.com"]

[Event "Titled Tuesday Blitz April 25 Early 2023"]
[White "Kollars, Dmitrij"]
[Black "ArrestingPieces"]
[WhiteFideId "12909572"]
[WhiteElo "2584"]
[BlackElo "2358"]
[Result "1-0"]
[Round "05"]
[TimeControl "180+2"]
[Date "2023.04.25"]
[WhiteClock "0:01:24"]
[BlackClock "0:00:42"]

1. d4 d5 2. c4 e6 3. Nf3 Nf6 4. g3 dxc4 5. Bg2 a6 6. O-O Nc6 7. Qd2 Bb4 8. Qc2 O-O 9. Qxc4 Rb8 10. Bg5 Be7 11. Nbd2 Na5 12. Qc2 b5 13. Bxf6 Bxf6 14. b4 Nb7 15. Rfd1 Nd6 16. e4 Be7 17. Ne5 Bb7 18. Rac1 Ne8 19. a3 Bd6 20. Nd3 Ra8 21. Nb3 f5 22. Ndc5 Bxc5 23. Nxc5 Bxe4 24. Bxe4 fxe4 25. Nxe6 Qf6 26. Nxf8 Kxf8 27. Qxe4 Rd8 28. Rc3 Kg8 29. Rf3 Qd6 30. Qf4 Nf6 31. Qxd6 Rxd6 32. Rc3 Nd5 33. Rc5 Kf7 34. Re1 Rd7 35. Rc6 Nb6 36. Rec1 Nc4 37. Rxa6 Rxd4 38. Rc6 Rd7 39. a4 Ne5 40. Rxc7 bxa4 41. b5 Ke6 42. b6 Nd3 43. Rxd7 Kxd7 44. Rd1 1-0


[Site "https://www.chess.com"]

[Event "Titled Tuesday Blitz April 25 Early 2023"]
[White "demon64fields"]
[Black "Dushyant Sharma"]
[BlackFideId "25065130"]
[WhiteElo "2866"]
[BlackElo "2198"]
[Result "1-0"]
[Round "05"]
[TimeControl "180+2"]
[Date "2023.04.25"]
[WhiteClock "0:01:34"]
[BlackClock "0:00:05"]

1. a3 e5 2. b4 d6 3. Bb2 g6 4. h4 h5 5. e3 Bg7 6. c4 Ne7 7. Nc3 Be6 8. Nf3 Nd7 9. Ng5 Bf5 10. Be2 f6 11. Nh3 c6 12. d4 Qc7 13. e4 exd4 14. exf5 dxc3 15. Bxc3 Nxf5 16. Nf4 Nf8 17. Qd3 Ne7 18. O-O O-O-O 19. b5 g5 20. bxc6 gxf4 21. cxb7+ Kb8 22. Rfe1 Nfg6 23. Rad1 Ne5 24. Qe4 f5 25. Qxf4 Rhg8 26. Bxh5 N7g6 27. Qg5 Bh8 28. c5 Qxc5 29. Bb4 Qc6 30. Rc1 Nxh4 31. Qxg8 Rxg8 32. Rxc6 Nxc6 33. Bxd6+ Kxb7 34. g3 Bd4 35. Kf1 Ng6 36. Bf3 Rd8 37. Rb1+ Ka6 38. Bc7 Rc8 39. Be2# 1-0


[Site "https://www.chess.com"]

[Event "Titled Tuesday Blitz April 25 Early 2023"]
[White "Devaev, Alexander"]
[Black "Bacrot, Etienne"]
[WhiteFideId "4169395"]
[BlackFideId "605506"]
[WhiteElo "2204"]
[BlackElo "2663"]
[Result "0-1"]
[Round "05"]
[TimeControl "180+2"]
[Date "2023.04.25"]
[WhiteClock "0:00:39"]
[BlackClock "0:00:23"]

1. Nf3 d6 2. d4 Nf6 3. c4 g6 4. Nc3 Bg7 5. e4 O-O 6. h3 e5 7. d5 a5 8. Bg5 h6 9. Be3 Nh5 10. Nh2 Na6 11. g3 Qe8 12. Be2 Nf6 13. Ng4 h5 14. Nxf6+ Bxf6 15. g4 h4 16. g5 Bg7 17. Bg4 Bd7 18. Bxd7 Qxd7 19. Qg4 Qxg4 20. hxg4 Rfc8 21. Rxh4 Kf8 22. Kd2 Ke7 23. Rh7 Rg8 24. f3 Kd7 25. b3 Ke7 26. a3 Nb8 27. Rb1 Nd7 28. Ne2 Nf8 29. Rh3 Nd7 30. Rbh1 Rab8 31. Nc3 Ra8 32. Ra1 Kd8 33. Rhh1 Ke7 34. Kd3 Kd8 35. b4 b6 36. c5 dxc5 37. bxc5 Nxc5+ 38. Bxc5 bxc5 39. Kc4 Bf8 40. Rh7 Ke8 41. Rb1 Be7 42. Rb7 Rc8 43. Ra7 Bxg5 44. Nb5 Rf8 45. Kxc5 Be3+ 46. Kc6 Bxa7 47. Nxc7+ Kd8 48. d6 Bb8 0-1


[Site "https://www.chess.com"]

[Event "Titled Tuesday Blitz April 25 Early 2023"]
[White "Arencibia Monduy, Antonio"]
[Black "Beerdsen, Thomas"]
[WhiteFideId "3507939"]
[BlackFideId "1030108"]
[WhiteElo "2505"]
[BlackElo "2547"]
[Result "0-1"]
[Round "05"]
[TimeControl "180+2"]
[Date "2023.04.25"]
[WhiteClock "0:00:02"]
[BlackClock "0:00:43"]

1. e4 c5 2. Nf3 Nc6 3. c3 e6 4. d4 d5 5. e5 f6 6. exf6 Nxf6 7. Bd3 Bd6 8. O-O O-O 9. Re1 Qc7 10. Na3 a6 11. Bg5 h6 12. Bh4 e5 13. dxe5 Nxe5 14. Nxe5 Bxe5 15. Bg3 Bxg3 16. hxg3 Ng4 17. Re2 Bd7 18. Qd2 Bc6 19. Rae1 Qf7 20. f3 Nf6 21. Bf5 Kh8 22. g4 Rae8 23. Nc2 Rxe2 24. Rxe2 Re8 25. Rxe8+ Qxe8 26. Qe3 Qf8 27. Qe5 Qd8 28. Ne3 d4 29. cxd4 cxd4 30. Nc4 d3 31. Nd2 Qb6+ 32. Kh2 Qd8 33. b3 Be8 34. Qe3 Qc7+ 35. Kg1 Bd7 36. Bxd3 Qc1+ 37. Nf1 Qc3 38. Qe2 Qc5+ 39. Kh2 Qd6+ 40. g3 Bc6 41. Kg2 h5 42. gxh5 Nxh5 43. Qe3 Qf6 44. Be4 Bxe4 45. Qxe4 Qb2+ 46. Kh3 Nf6 47. Qe3 Qb1 48. Nh2 Qh1 49. Qf2 b5 50. Qg2 Qc1 51. g4 g5 52. Nf1 Nd5 53. Qf2 Nf4+ 54. Kh2 Kh7 55. Ng3 Qc7 0-1


[Site "https://www.chess.com"]

[Event "Titled Tuesday Blitz April 25 Early 2023"]
[White "Bacallao Alonso, Yusnel"]
[Black "Escanor89"]
[WhiteFideId "3507416"]
[WhiteElo "2561"]
[BlackElo "2504"]
[Result "1-0"]
[Round "05"]
[TimeControl "180+2"]
[Date "2023.04.25"]
[WhiteClock "0:00:17"]
[BlackClock "0:00:01"]

1. d4 Nf6 2. Nf3 g6 3. Bf4 Bg7 4. e3 O-O 5. Be2 d6 6. h3 Nc6 7. O-O Nd7 8. Bh2 e5 9. Nc3 exd4 10. exd4 Re8 11. Qd2 a6 12. Rfe1 Nf6 13. Bf4 Bf5 14. d5 Ne7 15. Nd4 Ne4 16. Nxe4 Bxe4 17. c4 Nf5 18. Nb3 Ne7 19. Bf1 Bf5 20. Bh6 Bh8 21. Nd4 Qd7 22. Bg5 Kf8 23. Re2 Ng8 24. Be3 Qd8 25. Rae1 Bd7 26. Nf3 Bg7 27. Bd4 h6 28. Rxe8+ Bxe8 29. Qb4 b6 30. Qc3 Bxd4 31. Nxd4 Bd7 32. Ne6+ fxe6 33. dxe6 Bc6 34. e7+ Nxe7 35. Qf6+ Ke8 36. Bd3 1-0


[Site "https://www.chess.com"]

[Event "Titled Tuesday Blitz April 25 Early 2023"]
[White "Goltsev, Dmitry"]
[Black "Goltseva, Ekaterina"]
[WhiteFideId "24176710"]
[BlackFideId "24173770"]
[WhiteElo "2336"]
[BlackElo "2200"]
[Result "1/2-1/2"]
[Round "05"]
[TimeControl "180+2"]
[Date "2023.04.25"]
[WhiteClock "0:00:43"]
[BlackClock "0:00:04"]

1. e4 e5 2. Nf3 Nc6 3. Bb5 a6 4. Ba4 Nf6 5. O-O Be7 6. Re1 b5 7. Bb3 d6 8. c3 O-O 9. h3 Nd7 10. d4 Bf6 11. a4 Bb7 12. Bd5 Rb8 13. axb5 axb5 14. Na3 b4 15. Nc4 bxc3 16. bxc3 Ne7 17. Bxb7 Rxb7 18. d5 g6 19. Be3 Bg7 20. Qa4 h6 21. Reb1 Rxb1+ 22. Rxb1 f5 23. Nfd2 fxe4 24. Qb5 Nf6 25. Na5 Nexd5 26. c4 Nc3 27. Qb3 Nxb1 28. Qxb1 d5 29. Nc6 Qd6 30. cxd5 Nxd5 31. Qc2 Nxe3 32. fxe3 Qd3 33. Qa2+ Kh7 34. Nc4 Qf1+ 35. Kh2 Rf2 1/2-1/2


[Site "https://www.chess.com"]